 Dungeon Crawl Stone Soup version 0.16.1-16-gc44b35d (webtiles) character file.

464 Inchmeat the Conjurer (level 6, -3/32 HPs)
             Began as a Deep Elf Conjurer on Apr 15, 2015.
             Slain by a sky beast (6 damage)
             ... on level 5 of the Dungeon.
             The game lasted 00:11:33 (3442 turns).

Inchmeat the Conjurer (Deep Elf Conjurer)           Turns: 3442, Time: 00:11:33

Health: -3/32      AC:  4    Str: 10    XL:     6   Next: 80%
Magic:  16/21      EV: 13    Int: 27    God:
Gold:   234        SH:  0    Dex: 15    Spells: 3 memorised, 6 levels left

rFire  . . .     SeeInvis .     q - -1 mace (curse)
rCold  . . .     Clarity  .     a - +0 robe
rNeg   . . .     SustAb   .     (no shield)
rPois  .         Gourm    .     (no helmet)
rElec  .         Spirit   .     j - +0 cloak
rCorr  .         Warding  .     m - +0 pair of gloves (curse)
rMut   .         Stasis   .     (no boots)
MR     .....                    (no amulet)
Stlth  ++........               (no ring)
                                l - +5 ring of intelligence

@: mighty, not resistant to hostile enchantments, unstealthy
A: no striking features
a: no special abilities


You were on level 5 of the Dungeon.
You were near starving.

You visited 1 branch of the dungeon, and saw 5 of its levels.

You collected 234 gold pieces.

Inventory:

Hand weapons
 h - a +0 short sword
 q - a cursed -1 mace (weapon)
 r - a +3 dagger of freezing
Armour
 a - a +0 robe (worn)
 j - a +0 cloak (worn)
 m - a cursed +0 pair of gloves (worn)
Jewellery
 l - a +5 ring of intelligence (left hand)
Magical devices
 u - a wand of fire (10)
Scrolls
 s - 3 scrolls of fear
Potions
 e - a potion of restore abilities {unknown}
 g - a potion of flight {unknown}
 k - a potion of brilliance
 p - a potion of curing {unknown}
Books
 c - a book of Conjurations

   Spells                             Type                      Level
   a - Magic Dart                     Conjuration                  1
   b - Searing Ray                    Conjuration                  2
   c - Dazzling Spray                 Conjuration/Hexes            3
   d - Fulminant Prism                Conjuration/Hexes            4
   e - Iskenderun's Mystic Blast      Conjuration                  4
   f - Iskenderun's Battlesphere      Conjuration/Charms           5
 t - a book of Changes

   Spells                             Type                      Level
   a - Beastly Appendage              Transmutation                1
   b - Sticks to Snakes               Transmutation                2
   c - Spider Form                    Transmutation/Poison         3
   d - Ice Form                       Ice/Transmutation            4
   e - Blade Hands                    Transmutation                5
Comestibles
 b - 6 bread rations
 d - 2 fruits
 f - a beef jerky
 n - a slice of pizza
 o - 5 meat rations


   Skills:
 + Level 0.5 Maces & Flails
 - Level 2.6 Dodging
 - Level 2.4 Stealth
 + Level 5.4 Spellcasting
 + Level 7.3 Conjurations
 * Level 3.4 Hexes


You had 6 spell levels left.
You knew the following spells:

 Your Spells              Type           Power        Failure   Level  Hunger
a - Magic Dart            Conj           ####         1%          1    None
b - Dazzling Spray        Conj/Hex       #####...     2%          3    #......
c - Iskenderun's Battles  Conj/Chrm      ####....     41%         5    #####..


Dungeon Overview and Level Annotations

Branches:
Dungeon (5/15)
 Temple: D:4-7

Altars:
Gozag
Qazlal
Yredelemnul
Zin

Annotations:
D:4 ProjectEKO's ghost, average DrGl


Message History

Press: ? - help, Shift-Dir - straight line, f - you
Okay, then.
You hit something but do no damage. Something hits you. Something shocks you.
A sky beast appears from thin air!
Reactivating autopickup.
The sky beast hits you. The sky beast shocks you.
* * * LOW HITPOINT WARNING * * *
Drink which item? (? for menu, Esc to quit)
It was a potion of might.
You feel very mighty all of a sudden.
The sky beast hits you but does no damage.
You miss the sky beast.
The sky beast is almost dead.
The sky beast barely misses you.
You miss the sky beast.
The sky beast is almost dead.
The sky beast hits you.
* * * LOW HITPOINT WARNING * * *
The sky beast shocks you.
You die...

. #.## ####..
#....### #
#.##...# #
#..##.#....#.#
#...Y@.._.....>
#.##.#....#.##..
#.#...##.##.#.
#.###....##..
#.....#####.#
#####.#####.# .#
#..#....# .#
##......####..#
.#
#............#


You could see a sky beast.

Vanquished Creatures
  An ice beast (D:5)
  An ogre (D:4)
  A hound (D:4)
  A worker ant (D:4)
  An iguana (D:4)
  2 orc wizards (D:4)
  4 adders
  A shadow imp (D:5)
  2 giant mites
  2 worms
  9 orcs
  2 ball pythons (D:3)
  14 bats
  4 giant cockroaches
  7 hobgoblins
  6 kobolds
  A quokka (D:3)
  3 giant geckos
  3 giant newts
  9 goblins
  7 rats
81 creatures vanquished.

Notes
Turn   | Place    | Note
--------------------------------------------------------------
     0 | D:1      | Inchmeat, the Deep Elf Conjurer, began the quest for the Orb.
     0 | D:1      | Reached XP level 1. HP: 10/10 MP: 5/5
   282 | D:1      | Reached XP level 2. HP: 15/15 MP: 6/8
   452 | D:2      | Reached skill level 5 in Conjurations
   505 | D:2      | Reached XP level 3. HP: 19/19 MP: 2/11
   577 | D:2      | Learned a level 3 spell: Dazzling Spray
  1024 | D:2      | Reached skill level 1 in Hexes
  1125 | D:3      | Reached XP level 4. HP: 24/24 MP: 1/14
  2011 | D:3      | Found an opulent altar of Gozag.
  2108 | D:3      | Reached skill level 6 in Conjurations
  2292 | D:4      | Noticed an ogre
  2294 | D:4      | Reached XP level 5. HP: 25/28 MP: 7/18
  2298 | D:4      | Killed an ogre
  2455 | D:4      | Noticed ProjectEKO's ghost (average DrGl)
  2647 | D:4      | Reached XP level 6. HP: 26/32 MP: 5/20
  2820 | D:4      | Reached skill level 7 in Conjurations
  2897 | D:4      | Learned a level 5 spell: Iskenderun's Battlesphere
  2961 | D:4      | Reached skill level 5 in Spellcasting
  3162 | D:3      | You fall through a shaft!
  3206 | D:5      | Entered Level 5 of the Dungeon
  3211 | D:5      | Found a glowing silver altar of Zin.
  3212 | D:5      | Found a stormy altar of Qazlal.
  3423 | D:5      | Found a basalt altar of Yredelemnul.
  3442 | D:5      | Slain by a sky beast

Action                   |  1- 3 |  4- 6 || total
-------------------------+-------+-------++-------
Melee: Short sword       |     1 |       ||     1
       Mace              |     2 |     8 ||    10
 Cast: Magic Dart        |    69 |   117 ||   186
       Dazzling Spray    |       |    19 ||    19
  Use: Scroll            |     4 |     3 ||     7
       Potion            |       |     1 ||     1
  Eat: Chunk             |       |     6 ||     6
